 Dungeon Crawl Stone Soup version 0.29.1-2-gbd0b4ee654 (webtiles) character file.

Game seed: 11298750634278670866

11 Shevek the Ruffian (level 2, 29/29 HPs)
             Began as a Troll Berserker on Oct 29, 2022.
             Was a Follower of Trog.
             Quit the game on level 1 of the Dungeon on Oct 30, 2022.
             The game lasted 00:08:15 (679 turns).

Shevek the Ruffian (Troll Berserker)                 Turns: 679, Time: 00:08:15

Health: 29/29      AC:  4    Str: 24    XL:     2   Next: 17%
Magic:  1/1        EV: 10    Int:  3    God:    Trog [*.....]
Gold:   70         SH:  0    Dex:  9    Spells: 1/1 levels left

rFire   . . .      SeeInvis .     - Unarmed
rCold   . . .      Faith    .   (no shield)
rNeg    . . .      Spirit   .   a - +0 animal skin
rPois   .          Reflect  .   (helmet restricted)
rElec   .          Harm     .   (no cloak)
rCorr   .          Rampage  .   (gloves unavailable)
Will    .....                   (boots unavailable)
Stlth   +.........              (no amulet)
HPRegen 0.89/turn               (no ring)
MPRegen 0.07/turn               (no ring)

@: no status effects
A: large, unfitting armour, claws 3, regeneration 1, shaggy fur 1, tough skin 1
a: Renounce Religion, Berserk


You were on level 1 of the Dungeon.
You worshipped Trog.
Trog was aware of your devotion.
You visited 1 branch of the dungeon, and saw 1 of its levels.

You collected 70 gold pieces.

Inventory:

Missiles
 b - 49 stones (quivered)
Armour
 a - a +0 animal skin (worn)
 e - a +0 plate armour
Jewellery
 g - a +4 ring of protection
Scrolls
 c - a scroll of poison {unknown}
 d - 2 scrolls of identify {unknown}
 i - a scroll of teleportation {unknown}
Potions
 f - a potion of heal wounds {unknown}
 h - a potion of degeneration {unknown}


   Skills:
 + Level 2.5 Fighting
 + Level 2.8 Dodging
 + Level 3.1 Unarmed Combat


You had one spell level left.
You didn't know any spells.
Your spell library was empty.

Dungeon Overview and Level Annotations

Branches:
Dungeon (1/15)

Altars:

Shops:
D:1 !


Innate Abilities, Weirdness & Mutations

You are too large for most types of armour.
You have claws for hands.
Your natural rate of healing is unusually fast.
You are covered in fur. (AC +1)
You have tough skin. (AC +1)


Message History

Trog accepts your kill.
You see here a +0 club.
You now have 58 gold pieces (gained 16).
There is an open door here.
As you open the door, it creaks loudly!
There is an open door here.
You now have 70 gold pieces (gained 12).
Found a stone staircase leading down.
A frilled lizard comes into view.
The frilled lizard hisses angrily.
There is a stone staircase leading down here.
The frilled lizard completely misses you.
You scratch the frilled lizard.
You kill the frilled lizard!
Trog accepts your kill.
No target in view!
There is a stone staircase leading down here.
Found a stone staircase leading down.
An endoplasm comes into view.
The endoplasm quivers.
Found a red potion.
You scratch the endoplasm.
The endoplasm is almost dead.
The endoplasm freezes you.
You are frozen.
You claw the endoplasm!
You kill the endoplasm!
Trog accepts your kill.
HP restored.
There is a stone staircase leading down here.
h - a red potion
i - a scroll labelled SEKLUU EQIESA Done exploring.
Done exploring.
Welcome back, Shevek the Troll Berserker.
Trog says: Kill them all!
Press ? for a list of commands and other information.
Unknown command.
Unknown command.
Are you sure you want to abandon this character and quit the game? (Confirm with "yes".)

#.# #.#
######.###
#######........#
#............#.#
#
#.#####.######.#
# #.# #.# #.# #
#.#####.# #.###
#@......# #.>.†
##.#>#### #####
#.#.# #.#.#
#.#.# #.#.#
#.#.# #.#.#
#...#


There were no monsters in sight!

Vanquished Creatures
  A dart slug (D:1)
  A bat (D:1)
  An endoplasm (D:1)
  A goblin (D:1)
  A hobgoblin (D:1)
  A kobold (D:1)
  A ball python (D:1)
  A frilled lizard (D:1)
  A rat (D:1)
9 creatures vanquished.

Notes
Turn   | Place    | Note
-------+----------+-------------------------------------------
     0 | D:1      | Shevek the Troll Berserker began the quest for the Orb.
     0 | D:1      | Reached XP level 1. HP: 22/22 MP: 0/0
   440 | D:1      | Reached XP level 2. HP: 29/29 MP: 1/1
   470 | D:1      | Found Bawirabi's Distillery.
   679 | D:1      | Quit the game

Illustrated notes

Levels and vault maps discovered:
D:1:      minmay_arrival_shattered_statue, layout_loops_ring, serial_shops,
          nicolae_shop_crystal

Action                   || total
-------------------------++-------
Melee: Unarmed           ||    25
Armor: Animal skin       ||    14
Dodge: Dodged            ||    21
